 Dungeon Crawl Stone Soup version 0.29.1-12-g30fa7ad0bf (webtiles) character file.

Game seed: 16893887159649323071

2 xzight the Ruffian (level 1, 16/20 HPs)
             Began as a Gnoll Wanderer on Dec 27, 2022.
             Quit the game on level 1 of the Dungeon.
             The game lasted 00:00:18 (34 turns).

xzight the Ruffian (Gnoll Wanderer)                   Turns: 34, Time: 00:00:19

Health: 16/20      AC:  3    Str: 13    XL:     1   Next: 30%
Magic:  1/1        EV: 11    Int:  8    God:
Gold:   0          SH:  0    Dex: 12    Spells: 0/0 levels left

rFire   . . .      SeeInvis .   a - +2 short sword
rCold   . . .      Faith    .   (no shield)
rNeg    . . .      Spirit   .   e - +0 leather armour
rPois   .          Reflect  .   (no helmet)
rElec   .          Harm     .   (no cloak)
rCorr   .          Rampage  .   (no gloves)
Will    .....                   (no boots)
Stlth   +.........              (no amulet)
HPRegen 0.06/turn               (no ring)
MPRegen 0.07/turn               (no ring)

@: no status effects
A: fangs 1, strong nose, distributed training
a: no special abilities


You were on level 1 of the Dungeon.
You visited 1 branch of the dungeon, and saw 1 of its levels.


Innate Abilities, Weirdness & Mutations

You have very sharp teeth.
Your uncanny sense of smell can sniff out nearby items.
Your experience applies equally to all skills.


   Skills:
 + Level 4.4 Fighting
 + Level 4.4 Short Blades
 + Level 0.0 Long Blades
 + Level 0.0 Axes
 + Level 0.0 Maces & Flails
 + Level 0.0 Polearms
 + Level 0.0 Staves
 + Level 0.0 Ranged Weapons
 + Level 4.4 Throwing
 + Level 2.3 Armour
 + Level 0.0 Dodging
 + Level 0.0 Stealth
 + Level 0.0 Shields
 + Level 6.4 Unarmed Combat
 + Level 0.0 Spellcasting
 + Level 0.0 Conjurations
 + Level 0.0 Hexes
 + Level 0.0 Summonings
 + Level 0.0 Necromancy
 + Level 0.0 Translocations
 + Level 0.0 Transmutations
 + Level 0.0 Fire Magic
 + Level 0.0 Ice Magic
 + Level 0.0 Air Magic
 + Level 0.0 Earth Magic
 + Level 0.0 Poison Magic
 + Level 0.1 Invocations
 + Level 0.0 Evocations


You couldn't memorise any spells.
You didn't know any spells.
Your spell library was empty.

Inventory:

Hand Weapons
 a - a +2 short sword (weapon)
 d - a +0 dagger
Missiles
 c - 13 poisoned darts (quivered)
Armour
 e - a +0 leather armour (worn)
Scrolls
 b - 2 scrolls of teleportation {@r2}

Dungeon Overview and Level Annotations

Branches:
Dungeon (1/15)

Altars:

#.. #..# #..# #..#
#..# #..###
#..#.## #..)#.##
##.@###.## ##.
#..#####.# #..
#.......## #.. ###
#..≈≈≈..# #.# #<#
#..≈)≈..# #.# #.#
##.≈≈≈.## #.# #.#
#.....#####.###.##
##.........#.'..>#
#.....####.######


There were no monsters in sight!


Message History

They say the Orb of Zot lies within this dungeon, but they say a lot of things.
Press ? for a list of commands and other information.
Found an escape hatch in the floor.
Found a staircase leading out of the dungeon.
You begin with the following items: a +2 short sword, 2 scrolls of teleportation {@r2}, 13 poisoned darts, a +0 dagger, a +0 leather armour.
You open the door.
There is an open door here.
Found a hand axe.
A frilled lizard and a goblin come into view.
The frilled lizard hisses angrily.
The goblin shouts!
The goblin hits you with a +0 club.
You hit the goblin.
The goblin is moderately wounded.
You hit the goblin.
The goblin is severely wounded.
The goblin barely misses you.
You closely miss the goblin.
The goblin is severely wounded.
The goblin hits you with a +0 club.
You hit the goblin.
You kill the goblin!
You hit the frilled lizard.
You kill the frilled lizard!
Things that are here:
a +0 club; a goblin corpse Throw: 13 darts (poison)
Press: ? - help, Q - select action Shift-Dir - straight line, f - you Really target yourself?
Okay, then.
Are you sure you want to abandon this character and quit the game? (Confirm with "yes".)

Action                   || total
-------------------------++-------
Melee: Short sword       ||     5
Dodge: Dodged            ||     1

Levels and vault maps discovered:
D:1:      amcnicky_arrival_choice, layout_loops_ring, basic_ecumenical_altar,
          serial_glass, glass_columns_a, glass_columns_a, chequers_avenue,
          corexii_item_surrounded_by_moat

Notes
Turn   | Place    | Note
-------+----------+-------------------------------------------
     0 | D:1      | xzight the Gnoll Wanderer began the quest for the Orb.
     0 | D:1      | xzight set off with the following items: a +2 short sword,
                  | 2 scrolls of teleportation {@r2}, 13 poisoned darts, a +0
                  | dagger, a +0 leather armour.
     0 | D:1      | Reached XP level 1. HP: 20/20 MP: 1/1
    34 | D:1      | Quit the game

Vanquished Creatures
  A goblin (D:1)
  A frilled lizard (D:1)
2 creatures vanquished.

Table legend: (Time is in decaauts)
 A = Elapsed time spent in this place.
 B = Non-inter-level travel time spent in this place.
 C = Inter-level travel time spent in this place.
 D = Time resting spent in this place.
 E = Time spent auto-exploring this place.
 F = Levels seen in this place.
 G = Mean time per level.
                   A        B        C        D        E       F      G
               +--------+--------+--------+--------+--------+-----+--------+
         Total |     33 |     33 |      0 |      0 |     24 |   1 |   33.0 |
       Dungeon |     33 |     33 |      0 |      0 |     24 |   1 |   33.0 |
               +--------+--------+--------+--------+--------+-----+--------+

Top non-repeatable levels by time:
     D:1: 33 daAuts

Table legend:
 A = Non-vault XP
 B = Vault XP
 C = Vault XP percentage of total XP
 D = Non-vault monster count
 E = Vault monster count
 F = Vault count percentage of total count
                 A         B        C        D         E       F
            +---------+---------+-------+---------+---------+-------
      Total |       3 |       0 |   0.0 |       2 |       0 |   0.0
            +---------+---------+-------+---------+---------+-------
        D:1 |       3 |       0 |   0.0 |       2 |       0 |   0.0
            +---------+---------+-------+---------+---------+-------
